 Dungeon Crawl Stone Soup version 0.26-a0-854-gdc81c2f471 (webtiles) character file.

Game seed: 16020526631058261474

494 dickylongcocking the Spear-Bearer (level 7, -1/50 HPs)
             Began as a Merfolk Gladiator on Nov 22, 2020.
             Killed by divine providence
             ... invoked by an orc priest
              (12 damage)
             ... on level 4 of the Dungeon.
             The game lasted 00:02:50 (3453 turns).

dickylongcocking the Spear-Bearer (MfGl)            Turns: 3453, Time: 00:02:51

Health: -1/50      AC:  9    Str: 15    XL:     7   Next: 15%
Magic:  7/7        EV: 11    Int:  7    God:
Gold:   215        SH:  0    Dex: 17    Spells: 6/6 levels left

rFire    + . .     SeeInvis .   a - +1 trident
rCold    . . .     Faith    .   (no shield)
rNeg     . . .     Spirit   .   i - +0 scale mail
rPois    .         Reflect  .   c - +0 helmet
rElec    .         Harm     .   (no cloak)
rCorr    .         Rampage  .   p - +0 pair of gloves
MR       .....                  (no boots)
Stlth    ..........             (no amulet)
HPRegen  0.16/turn              l - ring of protection from fire
MPRegen  0.10/turn              f - ring of flight

@: brilliant, berserk cooldown, slowed, very slow
A: change form in water, swift swim, stealthy swim
a: Evoke Flight


You were on level 4 of the Dungeon.
You visited 1 branch of the dungeon, and saw 4 of its levels.

You collected 215 gold pieces.

Inventory:

Hand Weapons
 a - a +1 trident (weapon)
Missiles
 d - 3 throwing nets (quivered)
Armour
 b - a +0 leather armour
 c - a +0 helmet (worn)
 i - a +0 scale mail (worn)
 p - a +0 pair of gloves (worn)
Jewellery
 f - a ring of flight (right hand)
 l - a ring of protection from fire (left hand)
 r - an uncursed ring of protection from cold {unknown}
Wands
 u - a wand of iceblast (8)
Scrolls
 e - a scroll of amnesia
 h - 4 scrolls of identify
 k - 5 scrolls of remove curse
 m - 2 scrolls of blinking {unknown}
 o - a scroll of enchant weapon
 q - a scroll of immolation {unknown}
Potions
 g - 2 potions of lignification {unknown}
 j - 3 potions of attraction {unknown}
 n - 4 potions of curing
 s - a potion of brilliance


   Skills:
 - Level 2.1 Fighting
 * Level 9.3 Polearms
 - Level 2.0 Throwing
 * Level 3.1 Armour
 - Level 4.0 Dodging


You had 6 spell levels left.
You didn't know any spells.
Your spell library contained the following spells:

 Spells                   Type           Power        Failure   Level
 Animate Skeleton         Necr           #.....       87%         1
 Pain                     Necr           #...         87%         1
 Vampiric Draining        Necr           #.........   99%         3
 Animate Dead             Necr           #.........   100%        4
 Agony                    Necr           #.......     100%        5


Dungeon Overview and Level Annotations

Branches:
Dungeon (4/15)
 Temple: D:4-7

Altars:

Annotations:
D:4 Grinder


Message History

You barely miss the gnoll.
The gnoll is almost dead.
Unknown command.
You feel a strong urge to attack something.
The gnoll barely misses you. The gnoll hits you with a +0 halberd.
* * * LOW HITPOINT WARNING * * *
Unknown command.
You are no longer berserk.
You are exhausted.
You feel yourself slow down.
Your legs become a tail as you enter the water.
The gnoll hits you but does no damage.
An orc wizard comes into view. It is wielding a +0 dagger.
The orc wizard moves out of view.
An orc priest comes into view. It is wielding a +0 hand axe.
The orc wizard shouts!
You hear a shout!
An orc priest comes into view. It is wielding a +0 flail.
The orc priest mumbles some strange prayers to Beogh against you.
Beogh smites you!
You die...

#####...........#÷#....##.>
##..........#..........
#####.........#.........#
#..###.......##...##....#
#................##......
##................##..##..
####.....5......####.....##..
####.....≈≈≈g..##.## ##...####.
##.......⌠≈≈≈≈.g@<..# #....## ##.
#....##...≈≈≈≈g............## #..
###..##......................###.
#.(.##..........................
##..†).....#.#..................
###.#######.#....##............
#..# #...####


oo. ......†. ##)# ....# .o ........ #g.# ... ........ You could see Grinder, 2
orc priests, an orc wizard and 3 gnolls.

Vanquished Creatures
  A scorpion (D:4)
  2 orc priests (D:2)
  An orc wizard (D:2)
  A gnoll shaman (D:4)
  An iguana (D:4)
  Natasha (thrice) (D:4)
  A worker ant (D:4)
  A howler monkey skeleton (D:4)
  2 gnolls (D:4)
  7 adders
  An ooze (D:1)
  8 worms
  A dart slug (D:3)
  3 leopard geckos
  10 orcs
  5 giant cockroaches
  11 goblins
  2 hobgoblins
  2 jackals (D:3)
  6 kobolds
  11 bats
  7 frilled lizards
  9 rats
96 creatures vanquished.

Notes
Turn   | Place    | Note
-------+----------+-------------------------------------------
     0 | D:1      | dickylongcocking the Merfolk Gladiator began the quest for
                  | the Orb.
     0 | D:1      | Reached XP level 1. HP: 16/16 MP: 1/1
    24 | D:1      | Reached skill level 5 in Polearms
    85 | D:1      | Reached XP level 2. HP: 22/22 MP: 2/2
   238 | D:1      | Reached skill level 6 in Polearms
   238 | D:1      | Reached XP level 3. HP: 19/27 MP: 3/3
   998 | D:2      | Reached XP level 4. HP: 33/33 MP: 4/4
  1052 | D:2      | Reached skill level 7 in Polearms
  1378 | D:3      | Found a faded altar of an unknown god.
  1493 | D:3      | Reached skill level 1 in Armour
  1820 | D:3      | Reached XP level 5. HP: 36/38 MP: 5/5
  2213 | D:2      | Reached skill level 8 in Polearms
  2336 | D:2      | Reached XP level 6. HP: 41/44 MP: 6/6
  2833 | D:4      | Noticed Natasha
  2840 | D:4      | Killed Natasha
  2847 | D:4      | Noticed Natasha
  2853 | D:4      | Killed Natasha
  2909 | D:4      | Noticed Natasha
  2921 | D:4      | Killed Natasha
  3003 | D:4      | Reached skill level 9 in Polearms
  3301 | D:4      | Reached XP level 7. HP: 50/50 MP: 7/7
  3417 | D:4      | Noticed Grinder
  3453 | D:4      | Killed from afar by an orc priest

Illustrated notes

Levels and vault maps discovered:
D:1:      psy_arrival_whirlpool, layout_loops_ring
D:2:      layout_basic
D:3:      layout_basic, chequers_ecumenical_altar_simple_redux, minmay_pentangle
D:4:      layout_cave_pools, serial_park, serial_park_tiny_pond, uniq_natasha,
          uniq_grinder

Skill      XL: |  1  2  3  4  5  6 |
---------------+-------------------+-----
Polearms       | 5 6 7 8 9 |  9.3
Armour         | 1 2 3 |  3.1
Fighting       | |  2.1
Throwing       | |  2.0
Dodging        | |  4.0

Action                   |  1- 3 |  4- 6 |  7- 9 || total
-------------------------+-------+-------+-------++-------
Melee: Trident           |    98 |   224 |    19 ||   341
  Use: Scroll            |     4 |       |       ||     4
       Potion            |       |       |     3 ||     3
 Stab: Sleeping          |     1 |       |       ||     1
       Distracted        |       |     1 |       ||     1
Armor: Leather armour    |    11 |       |       ||    11
       Scale mail        |    13 |    66 |    14 ||    93
Dodge: Dodged            |    58 |   123 |    12 ||   193

Table legend: (Time is in decaauts)
 A = Elapsed time spent in this place.
 B = Non-inter-level travel time spent in this place.
 C = Inter-level travel time spent in this place.
 D = Time resting spent in this place.
 E = Time spent auto-exploring this place.
 F = Levels seen in this place.
 G = Mean time per level.
                   A        B        C        D        E       F      G
               +--------+--------+--------+--------+--------+-----+--------+
         Total |   3429 |   3380 |     49 |    529 |   2194 |   4 |  857.2 |
       Dungeon |   3429 |   3380 |     49 |    529 |   2194 |   4 |  857.2 |
               +--------+--------+--------+--------+--------+-----+--------+

Top non-repeatable levels by time:
     D:3: 1145 daAuts
     D:2: 1003 daAuts
     D:1: 662 daAuts
     D:4: 617 daAuts
